PL
NORTHERN VIRGINIA RAINBOW MERMAIDS @ WIZARDING EXPRESS
09/10/2028
 
TOP OF THE 1ST
Northern Virginia Rainbow Mermaids batting - Pitching for Wizarding Express : RHP Kenny Koehler
Pitching: RHP Kenny Koehler
Batting: LHB Munemori Ohara 0-0: Ball
1-0: Called Strike
1-1: Foul Ball, location: 2F
1-2: Ball
2-2: Strikes out swinging
Batting: RHB Brett Callison 0-0: Foul Ball, location: 2F
0-1: Ball
1-1: Called Strike
1-2: Ball
2-2: Fly out, F8 (Line Drive, 78D)
Batting: LHB Roberto Sánchez 0-0: Foul Ball, location: 2F
0-1: Ball
1-1: Ground out 4-3 (Groundball, 4M)
Top of the 1st over - 0 run(s), 0 hit(s), 0 error(s), 0 left on base; Northern Virginia 0 - Wizarding 0
BOTTOM OF THE 1ST
Wizarding Express batting - Pitching for Northern Virginia Rainbow Mermaids : RHP Natalino Golaio
Pitching: RHP Natalino Golaio
Batting: LHB David Breitling 0-0: Foul Ball, location: 2F
0-1: Swinging Strike
0-2: Foul Ball, location: 2F
0-2: Ball
1-2: Ground out 4-3 (Groundball, 4S)
Batting: RHB Chi-ju Zhang 0-0: Ball
1-0: Ball
2-0: Called Strike
2-1: Foul Ball, location: 2F
2-2: Foul Ball, location: 2F
2-2: Ball
3-2: Ground out 5-3 (Groundball, 56)
Batting: LHB Nathan Tanner 0-0: Ball
1-0: Called Strike
1-1: Foul Ball, location: 2F
1-2: Foul Ball, location: 2F
1-2: Ball
2-2: SOLO HOME RUN (Flyball, 78XD), Distance : 376 ft
Batting: RHB António Martínez 0-0: Fly out, F8 (Flyball, 8LS)
Bottom of the 1st over - 1 run(s), 1 hit(s), 0 error(s), 0 left on base; Northern Virginia 0 - Wizarding 1
TOP OF THE 2ND
Northern Virginia Rainbow Mermaids batting - Pitching for Wizarding Express : RHP Kenny Koehler
Batting: RHB Ed Adams 0-0: Called Strike
0-1: Ball
1-1: Foul Ball, location: 2F
1-2: Ball
2-2: Fly out, F8 (Line Drive, 78D)
Batting: RHB Alfredo Pizarro 0-0: Ball
1-0: Called Strike
1-1: Fly out, F7 (Flyball, 7LMF)
Batting: LHB Francisco Ornelas 0-0: Ball
1-0: Ground out 6-3 (Groundball, 6)
Top of the 2nd over - 0 run(s), 0 hit(s), 0 error(s), 0 left on base; Northern Virginia 0 - Wizarding 1
BOTTOM OF THE 2ND
Wizarding Express batting - Pitching for Northern Virginia Rainbow Mermaids : RHP Natalino Golaio
Batting: SHB Fernando Sánchez 0-0: Foul Ball, location: 2F
0-1: Ball
1-1: Ground out 4-3 (Groundball, 4M)
Batting: LHB José Corona 0-0: Ball
1-0: Ball
2-0: Called Strike
2-1: Ball
3-1: Called Strike
3-2: SINGLE (Groundball, 34) (infield hit)
Batting: RHB Frank Grimes 0-0: Ball
1-0: Ball
2-0: Ball
3-0: Called Strike
3-1: Foul Ball, location: 2F
3-2: SINGLE (Groundball, 6S) (infield hit)
José Corona to second
Batting: LHB Ignacio Medine 0-0: Called Strike
José Corona steals 3rd base
Frank Grimes to second
0-1: Called Strike
0-2: Foul Ball, location: 2F
0-2: Foul Ball, location: 2F
0-2: Ball
1-2: Fly out, F8 (Flyball, 8RD)
Runner from 3rd tags up, SCORES, no throw
Batting: LHB António Boccanegra 0-0: Called Strike
0-1: Foul Ball, location: 2F
0-2: Ball
1-2: SINGLE (Line Drive, 8LS)
Frank Grimes to third
Runner from 3rd tries for Home, SAFE, no throw
Batting: LHB David Breitling 0-0: Fly out, F7 (Flyball, 78D)
Bottom of the 2nd over - 2 run(s), 3 hit(s), 0 error(s), 1 left on base; Northern Virginia 0 - Wizarding 3
TOP OF THE 3RD
Northern Virginia Rainbow Mermaids batting - Pitching for Wizarding Express : RHP Kenny Koehler
Batting: RHB Arlen Joysey 0-0: Ball
1-0: Foul Ball, location: 2F
1-1: Called Strike
1-2: Strikes out swinging
Batting: RHB Martín Alejadre 0-0: Foul Ball, location: 2F
0-1: Swinging Strike
0-2: Ball
1-2: Ground out 5-3 (Groundball, 56)
Batting: RHB Lionel McCloud 0-0: Called Strike
0-1: Ball
1-1: DOUBLE (Line Drive, 8LD) - OUT at third base trying to stretch hit.
Top of the 3rd over - 0 run(s), 1 hit(s), 0 error(s), 0 left on base; Northern Virginia 0 - Wizarding 3
BOTTOM OF THE 3RD
Wizarding Express batting - Pitching for Northern Virginia Rainbow Mermaids : RHP Natalino Golaio
Batting: RHB Chi-ju Zhang 0-0: Called Strike
0-1: Ball
1-1: Ball
2-1: Ball
3-1: Base on Balls
Batting: LHB Nathan Tanner 0-0: Swinging Strike
0-1: Ball
1-1: Ball
2-1: Fielders Choice at 2nd, 6-4 (Groundball, 6M)
Batting: RHB António Martínez 0-0: Ball
1-0: SINGLE (Line Drive, 4MD)
Nathan Tanner to second
Batting: SHB Fernando Sánchez 0-0: Grounds into double play, 4-6-3 (Groundball, 4M)
Bottom of the 3rd over - 0 run(s), 1 hit(s), 0 error(s), 1 left on base; Northern Virginia 0 - Wizarding 3
TOP OF THE 4TH
Northern Virginia Rainbow Mermaids batting - Pitching for Wizarding Express : RHP Kenny Koehler
Batting: LHB Munemori Ohara 0-0: Foul Ball, location: 2F
0-1: Fly out, F8 (Flyball, 8LD)
Batting: RHB Brett Callison 0-0: Called Strike
0-1: Ground out 6-3 (Groundball, 6)
Batting: LHB Roberto Sánchez 0-0: Foul Ball, location: 2F
0-1: Ball
1-1: Ball
2-1: SINGLE (Line Drive, 34D)
Batting: RHB Ed Adams 0-0: Called Strike
0-1: Ball
1-1: Ball
2-1: Ball
3-1: Foul Ball, location: 2F
3-2: Fly out, F9 (Flyball, 9LS)
Top of the 4th over - 0 run(s), 1 hit(s), 0 error(s), 1 left on base; Northern Virginia 0 - Wizarding 3
BOTTOM OF THE 4TH
Wizarding Express batting - Pitching for Northern Virginia Rainbow Mermaids : RHP Natalino Golaio
Batting: LHB José Corona 0-0: Called Strike
0-1: Foul Ball, location: 2F
0-2: Ball
1-2: Strikes out looking
Batting: RHB Frank Grimes 0-0: Ball
1-0: Called Strike
1-1: Swinging Strike
1-2: Strikes out swinging
Batting: LHB Ignacio Medine 0-0: Ball
1-0: SINGLE (Flyball, 89S)
Batting: LHB António Boccanegra 0-0: Ball
1-0: Swinging Strike
1-1: Swinging Strike
1-2: Ball
2-2: Fly out, F2 (Popup, 23)
Bottom of the 4th over - 0 run(s), 1 hit(s), 0 error(s), 1 left on base; Northern Virginia 0 - Wizarding 3
TOP OF THE 5TH
Northern Virginia Rainbow Mermaids batting - Pitching for Wizarding Express : RHP Kenny Koehler
Batting: RHB Alfredo Pizarro 0-0: Foul Ball, location: 2F
0-1: Ball
1-1: Foul Ball, location: 2F
1-2: Strikes out swinging
Batting: LHB Francisco Ornelas 0-0: Called Strike
0-1: Foul Ball, location: 2F
0-2: Strikes out swinging
Batting: RHB Arlen Joysey 0-0: Foul Ball, location: 2F
0-1: Ball
1-1: Ground out 6-3 (Groundball, 6)
Top of the 5th over - 0 run(s), 0 hit(s), 0 error(s), 0 left on base; Northern Virginia 0 - Wizarding 3
BOTTOM OF THE 5TH
Wizarding Express batting - Pitching for Northern Virginia Rainbow Mermaids : RHP Natalino Golaio
Batting: LHB David Breitling 0-0: Ball
1-0: Ball
2-0: Foul Ball, location: 2F
2-1: Swinging Strike
2-2: Foul Ball, location: 2F
2-2: Ball
3-2: Foul Ball, location: 2F
3-2: Strikes out swinging
Batting: RHB Chi-ju Zhang 0-0: Ball
1-0: Fly out, F4 (Line Drive, 4)
Batting: LHB Nathan Tanner 0-0: Called Strike
0-1: Ball
1-1: Ball
2-1: Foul Ball, location: 2F
2-2: Ball
3-2: Base on Balls
Batting: RHB António Martínez 0-0: Ball
1-0: Ball
Nathan Tanner steals 2nd base
2-0: Swinging Strike
2-1: Foul Ball, location: 2F
2-2: Foul Ball, location: 2F
2-2: Strikes out swinging
Bottom of the 5th over - 0 run(s), 0 hit(s), 0 error(s), 1 left on base; Northern Virginia 0 - Wizarding 3
TOP OF THE 6TH
Northern Virginia Rainbow Mermaids batting - Pitching for Wizarding Express : RHP Kenny Koehler
Batting: RHB Martín Alejadre 0-0: Called Strike
0-1: Ball
1-1: Foul Ball, location: 2F
1-2: Foul Ball, location: 2F
1-2: Ground out 6-3 (Groundball, 56)
Batting: RHB Lionel McCloud 0-0: Hit by Pitch
Batting: LHB Munemori Ohara 0-0: Called Strike
0-1: Ball
1-1: SINGLE (Groundball, 34) (infield hit)
Lionel McCloud to second
Batting: RHB Brett Callison 0-0: Ball
1-0: Fly out, F3 (Line Drive, 3S)
Lined into DP, U3 (Line Drive, 3S)
Top of the 6th over - 0 run(s), 1 hit(s), 0 error(s), 1 left on base; Northern Virginia 0 - Wizarding 3
BOTTOM OF THE 6TH
Wizarding Express batting - Pitching for Northern Virginia Rainbow Mermaids : RHP Natalino Golaio
Pitching: LHP Javier Desdin
Batting: SHB Fernando Sánchez 0-0: Ball
1-0: SINGLE (Line Drive, 7LM)
Batting: LHB José Corona 0-0: Bunt missed!
0-1: Ball
1-1: Bunt missed!
1-2: Fly out, F8 (Line Drive, 8RS)
Batting: RHB Frank Grimes 0-0: Ball
1-0: Swinging Strike
1-1: Ball
2-1: Ground out 5-3 (Groundball, 56S)
Fernando Sánchez to second
Batting: LHB Ignacio Medine 0-0: Ball
1-0: Foul Ball, location: 2F
1-1: Ball
2-1: Foul Ball, location: 2F
2-2: Foul Ball, location: 2F
2-2: Foul Ball, location: 2F
2-2: Foul Ball, location: 2F
2-2: DOUBLE (Line Drive, 89XD)
Fernando Sánchez scores
Batting: LHB António Boccanegra 0-0: Called Strike
0-1: Foul Ball, location: 2F
0-2: Ball
1-2: Foul Ball, location: 2F
1-2: Strikes out swinging
Bottom of the 6th over - 1 run(s), 2 hit(s), 0 error(s), 1 left on base; Northern Virginia 0 - Wizarding 4
TOP OF THE 7TH
Northern Virginia Rainbow Mermaids batting - Pitching for Wizarding Express : RHP Kenny Koehler
Batting: LHB Roberto Sánchez 0-0: Ball
1-0: Ball
2-0: Ball
3-0: Called Strike
3-1: Swinging Strike
3-2: Base on Balls
Batting: RHB Ed Adams 0-0: Called Strike
Roberto Sánchez is caught stealing 2nd base
0-1: Reached on error, E9 (Flyball, 89M)
Batting: RHB Alfredo Pizarro 0-0: Swinging Strike
0-1: Called Strike
Ed Adams steals 2nd base
0-2: Strikes out swinging
Batting: LHB Francisco Ornelas 0-0: Ground out 3-1 (Groundball, 34S)
Top of the 7th over - 0 run(s), 0 hit(s), 1 error(s), 1 left on base; Northern Virginia 0 - Wizarding 4
BOTTOM OF THE 7TH
Wizarding Express batting - Pitching for Northern Virginia Rainbow Mermaids : LHP Javier Desdin
Batting: LHB David Breitling 0-0: Ball
1-0: Ball
2-0: Called Strike
2-1: Ball
3-1: Called Strike
3-2: Strikes out swinging
Batting: RHB Chi-ju Zhang 0-0: Called Strike
0-1: Ball
1-1: Ball
2-1: Ground out 5-3 (Groundball, 5)
Pitching: RHP Lou Hartling
Batting: LHB Nathan Tanner 0-0: Ball
1-0: Swinging Strike
1-1: Fly out, F7 (Flyball, 7S)
Bottom of the 7th over - 0 run(s), 0 hit(s), 0 error(s), 0 left on base; Northern Virginia 0 - Wizarding 4
TOP OF THE 8TH
Northern Virginia Rainbow Mermaids batting - Pitching for Wizarding Express : RHP Kenny Koehler
Batting: RHB Arlen Joysey 0-0: Foul Ball, location: 2F
0-1: Called Strike
0-2: Ball
1-2: Ball
2-2: Ball
3-2: Strikes out swinging
Batting: RHB Martín Alejadre 0-0: Called Strike
0-1: Swinging Strike
0-2: Foul Ball, location: 2F
0-2: Ground out 1-3 (Groundball, 13)
Batting: RHB Lionel McCloud 0-0: Swinging Strike
0-1: SOLO HOME RUN (Flyball, 78XD), Distance : 381 ft
Batting: LHB Munemori Ohara 0-0: Ball
1-0: SINGLE (Groundball, 34) (infield hit)
Pitching: RHP Juan Cantú
Batting: RHB Brett Callison 0-0: Ball
1-0: Foul Ball, location: 2F
1-1: Ball
2-1: DOUBLE (Flyball, 89D)
Munemori Ohara to third
Runner from 3rd tries for Home, throw and OUT!
Top of the 8th over - 1 run(s), 3 hit(s), 0 error(s), 1 left on base; Northern Virginia 1 - Wizarding 4
BOTTOM OF THE 8TH
Wizarding Express batting - Pitching for Northern Virginia Rainbow Mermaids : RHP Lou Hartling
Batting: RHB António Martínez 0-0: Ball
1-0: Called Strike
1-1: Foul Ball, location: 2F
1-2: Foul Ball, location: 2F
1-2: Fly out, F5 (Popup, 56)
Batting: SHB Fernando Sánchez 0-0: Called Strike
0-1: Foul Ball, location: 2F
0-2: SINGLE (Flyball, 7S)
Batting: LHB José Corona 0-0: Fielders Choice at 2nd, 1-4 (Groundball, 15S)
Batting: RHB Frank Grimes 0-0: Ball
Throwing error on steal attempt, E2
José Corona to third
1-0: SINGLE (Groundball, 6MD)
José Corona scores
Batting: LHB Ignacio Medine 0-0: Ball
1-0: Called Strike
1-1: Foul Ball, location: 2F
1-2: Ball
2-2: Strikes out looking
Bottom of the 8th over - 1 run(s), 2 hit(s), 1 error(s), 1 left on base; Northern Virginia 1 - Wizarding 5
TOP OF THE 9TH
Northern Virginia Rainbow Mermaids batting - Pitching for Wizarding Express : RHP Juan Cantú
Batting: LHB Roberto Sánchez 0-0: Ball
1-0: Foul Ball, location: 2F
1-1: Called Strike
1-2: DOUBLE (Flyball, 8LXD)
Batting: RHB Ed Adams 0-0: Called Strike
0-1: Ball
1-1: Foul Ball, location: 2F
1-2: SINGLE (Groundball, 5D)
Roberto Sánchez to third
Runner from 3rd tries for Home, SAFE, no throw
Pitching: LHP Eijiro Takahashi
Batting: RHB Alfredo Pizarro 0-0: Ball
1-0: Fly out, F5 (Popup, 5D)
Batting: LHB Francisco Ornelas 0-0: Ball
1-0: Foul Ball, location: 2F
1-1: Foul Ball, location: 2F
1-2: Foul Ball, location: 2F
1-2: Ball
2-2: Ball
3-2: Foul Ball, location: 2F
3-2: Strikes out looking
Batting: RHB Arlen Joysey 0-0: Ball
1-0: Called Strike
1-1: Ball
2-1: Foul Ball, location: 2F
2-2: Strikes out swinging
Top of the 9th over - 1 run(s), 2 hit(s), 0 error(s), 1 left on base; Northern Virginia 2 - Wizarding 5
Friday, September 1st, 2017 - OOTP Baseball 17.12 Build 75